 Dungeon Crawl Stone Soup version 0.24-a0-479-g9a978d2894 (webtiles) character file.

Game seed: 15564111168157330171

867 George the Chopper (level 7, -1/50 HPs)
             Began as a Demonspawn Gladiator on July 6, 2019.
             Was a Follower of Okawaru.
             Slain by a gnoll
             ... wielding a +0 trident
              (6 damage)
             ... on level 4 of the Dungeon.
             The game lasted 00:09:50 (4310 turns).

George the Chopper (Demonspawn Gladiator)           Turns: 4310, Time: 00:09:51

Health: -1/50      AC:  7    Str: 16    XL:     7   Next: 73%
Magic:  0/11       EV: 14    Int: 10    God:    Okawaru [*.....]
Gold:   180        SH:  0    Dex: 14    Spells: 6/6 levels left

rFire    . . .     SeeInvis .   a - +0 war axe
rCold    . . .     Gourm    .   (no shield)
rNeg     . . .     Faith    .   b - +0 leather armour
rPois    .         Spirit   +   c - +0 helmet
rElec    .         Reflect  .   i - +2 cloak
rCorr    +         Harm     .   (no gloves)
MR       .....                  (no boots)
Stlth    +.........             (no amulet)
HPRegen  0.16/turn              r - ring of resist corrosion
MPRegen  0.12/turn              (no ring)

@: no status effects
A: hooves 1, repulsion field 1, magic shield
a: Heroism, Renounce Religion


You were on level 4 of the Dungeon.
You worshipped Okawaru.
Okawaru was aware of your devotion.
You were not hungry.

You visited 1 branch of the dungeon, and saw 4 of its levels.

You collected 180 gold pieces.

Inventory:

Hand Weapons
 a - a +0 war axe (weapon)
 t - a +2 flail of draining
Missiles
 d - 2 throwing nets (quivered)
 m - 23 poisoned darts
 y - 8 datura-tipped darts
Armour
 b - a +0 leather armour (worn)
 c - a +0 helmet (worn)
 i - a +2 cloak (worn)
Jewellery
 r - a ring of resist corrosion (left hand)
Scrolls
 e - a scroll of random uselessness {unknown}
 g - 3 scrolls of immolation {unknown}
 h - 2 scrolls of fear {unknown}
 j - 4 scrolls of teleportation {unknown}
 n - a scroll of amnesia {unknown}
 o - a scroll of enchant armour {unknown}
 q - 4 scrolls of remove curse {unknown}
 v - a scroll of enchant weapon {unknown}
 w - a scroll of identify {unknown}
Potions
 k - 2 potions of agility {unknown}
 l - a potion of ambrosia {unknown}
 p - a potion of flight {unknown}
 s - a potion of cancellation {unknown}
 x - a potion of curing
Comestibles
 f - 7 rations
 u - 3 chunks of flesh


   Skills:
 - Level 2.0 Fighting
 + Level 7.3 Axes
 - Level 1.7 Throwing
 - Level 2.6 Dodging
 + Level 6.0 Invocations


You had 6 spell levels left.
You didn't know any spells.
Your spell library was empty.

Dungeon Overview and Level Annotations

Branches:
Dungeon (4/15)
 Temple: D:4-7

Altars:
Dithmenos
Fedhas
Okawaru
Sif Muna
Xom
The Shining One

Shops:
D:4 [


Innate Abilities, Weirdness & Mutations

You have large cloven feet.
You are surrounded by a mild repulsion field. (EV +2)
When hurt, damage is shared between your health and your magic reserves.


Message History

The gnoll hits you from afar with a +0 spear.
* * * LOW HITPOINT WARNING * * *
A gnoll comes into view. It is wielding a +0 club.
The gnoll shaman calls upon its god to speed up something.
The gnoll misses you.
A gnoll comes into view. It is wielding a +0 trident.
The gnoll shouts!
The gnoll shaman calls upon its god to speed up the gnoll.
The gnoll seems to speed up.
You see here 19 bolts.
The gnoll closely misses you.
A gnoll comes into view.
The gnoll shouts!
The gnoll barely misses you.
The gnoll shaman calls upon its god to speed up the gnoll shaman.
The gnoll shaman seems to speed up.
The gnoll closely misses you.
You see here 19 bolts.
The gnoll shaman hits you but does no damage.
The gnoll hits you with a +0 trident!
You die...

.................................
≈≈≈≈≈≈≈≈≈≈≈≈≈≈≈≈≈≈....≈≈≈≈≈≈≈≈≈≈≈
≈≈≈≈≈≈≈≈≈≈≈≈≈≈≈≈≈≈....≈≈≈≈≈≈≈≈≈≈≈
≈#####≈≈≈≈≈≈≈≈≈≈≈≈....≈≈≈≈≈≈≈≈≈≈≈
≈#.gg#...........................
≈#...#############''''###########
≈###+# #.^.....#....# ≈≈.#
#.....gg#....#.. ≈≈.#
#..gggg@'..g.'... ≈≈.#
#g############### ≈≈.# #.......#
≈≈.#


#ggg.g..g ≈≈.# #g....... ≈≈.# g%......# ≈≈.# ..######## ≈###+# ... .
≈#...############################ You could see 2 gnoll shamans and 6 gnolls.

Vanquished Creatures
  A phantom (D:4)
  An ogre (D:4)
  A centaur (D:2)
  A scorpion (D:4)
  A hound (D:4)
  A gnoll shaman (D:4)
  2 orc wizards (D:4)
  A worker ant (D:4)
  9 adders
  21 gnolls (D:4)
  4 oozes
  2 worms (D:3)
  5 dart slugs
  12 orcs
  A ball python (D:4)
  6 giant cockroaches
  7 goblins
  5 hobgoblins
  14 jackals (D:4)
  6 bats
  4 frilled lizards
  10 kobolds
  7 rats
122 creatures vanquished.

Notes
Turn   | Place    | Note
-------+----------+-------------------------------------------
     0 | D:1      | George the Demonspawn Gladiator began the quest for the
                  | Orb.
     0 | D:1      | Reached XP level 1. HP: 16/16 MP: 1/1
    41 | D:1      | Reached skill level 3 in Axes
    41 | D:1      | Gained mutation: You are surrounded by a mild repulsion
                  | field. (EV +2) [demonic ancestry]
    41 | D:1      | Reached XP level 2. HP: 18/22 MP: 2/2
   883 | D:2      | Reached XP level 3. HP: 27/27 MP: 3/3
   888 | D:2      | Noticed a centaur
   895 | D:2      | Reached skill level 4 in Axes
   902 | D:2      | HP: 1/27 [centaur/cursed +0 shortbow (1)]
   916 | D:2      | Killed a centaur
   916 | D:2      | Reached skill level 5 in Axes
   916 | D:2      | Reached XP level 4. HP: 3/33 MP: 4/4
  1489 | D:2      | HP: 1/33 [poisoned by an adder]
  1825 | D:2      | Reached XP level 5. HP: 38/38 MP: 5/5
  2392 | D:3      | Found a glowing golden altar of the Shining One.
  2709 | D:3      | Found a deep blue altar of Sif Muna.
  2709 | D:3      | Found a shadowy altar of Dithmenos.
  2710 | D:3      | Found a shimmering altar of Xom.
  2779 | D:3      | Found an iron altar of Okawaru.
  2787 | D:3      | Became a worshipper of Warmaster Okawaru
  3085 | D:4      | Found Cuhogo's Antique Armour Shop.
  3098 | D:4      | Reached skill level 1 in Invocations
  3101 | D:4      | Reached skill level 6 in Axes
  3154 | D:4      | Noticed a phantom
  3434 | D:4      | Killed a phantom
  3434 | D:4      | Gained mutation: You have large cloven feet. [demonic
                  | ancestry]
  3434 | D:4      | Reached XP level 6. HP: 35/44 MP: 7/7
  3749 | D:4      | Reached * piety under Okawaru
  3778 | D:4      | Gained mutation: When hurt, damage is shared between your
                  | health and your magic reserves. [demonic ancestry]
  3778 | D:4      | Reached XP level 7. HP: 38/50 MP: 10/10
  4143 | D:4      | Found a blossoming altar of Fedhas.
  4162 | D:4      | Reached skill level 7 in Axes
  4162 | D:4      | Reached skill level 5 in Invocations
  4310 | D:4      | Slain by a gnoll

Levels and vault maps discovered:
D:1:      psy_arrival_fountain, layout_basic, minivault_11, serial_bayou_pond_a,
          minmay_misc_feat_square
D:2:      layout_basic, first_ration, minmay_tiny_reverse_x
D:3:      layout_rooms, nicolae_overflow_crystal_walls,
          overflow_temple_1_default, gammafunk_temple_overflow_claw,
          wad_floor_pattern_2
D:4:      lemuel_castle_with_subvaults [lemuel_castle_interior_carwin_3],
          layout_loops_cross, serial_shops, shop, serial_glass, glass_columns_a,
          glass_columns_a, fedhas_altar_fruit_tree

Skill      XL: |  1  2  3  4  5  6  7 |
---------------+----------------------+-----
Axes           | 3 5 6 7 |  7.3
Invocations    | 2 4 6 |  6.0
Fighting       | |  2.0
Throwing       | |  1.7
Dodging        | |  2.6

Action                   |  1- 3 |  4- 6 |  7- 9 || total
-------------------------+-------+-------+-------++-------
Melee: War axe           |    57 |   263 |    97 ||   417
       Kick              |       |    19 |    19 ||    38
Throw: Throwing net      |     3 |       |     1 ||     4
  Use: Potion            |     3 |       |       ||     3
 Stab: Held in net/web   |     2 |       |       ||     2
       Sleeping          |       |     1 |       ||     1
  Eat: Chunk             |       |     9 |     2 ||    11
Armor: Leather armour    |    10 |    64 |    27 ||   101
       Chain mail        |       |     7 |       ||     7
Dodge: Dodged            |    38 |   197 |    73 ||   308

Table legend:
 A = Non-vault XP
 B = Vault XP
 C = Vault XP percentage of total XP
 D = Non-vault monster count
 E = Vault monster count
 F = Vault count percentage of total count
                 A         B        C        D         E       F
            +---------+---------+-------+---------+---------+-------
      Total |     801 |     438 |  35.4 |      88 |      34 |  27.9
            +---------+---------+-------+---------+---------+-------
        D:1 |      32 |       0 |   0.0 |      13 |       0 |   0.0
        D:2 |     193 |       2 |   1.0 |      24 |       1 |   4.0
        D:3 |      89 |       0 |   0.0 |      24 |       0 |   0.0
        D:4 |     487 |     436 |  47.2 |      27 |      33 |  55.0
            +---------+---------+-------+---------+---------+-------
